 Dungeon Crawl Stone Soup version 0.18-a0-1392-g59a4c01 (webtiles) character file.

12 Reinor the Ducker (level 2, 0/16 HPs)
             Began as a Spriggan Abyssal Knight on Feb 23, 2016.
             Was a Follower of Lugonu.
             Slain by a worm (11 damage)
             ... on level 1 of the Dungeon.
             The game lasted 00:02:29 (844 turns).

Reinor the Ducker (Spriggan Abyssal Knight)          Turns: 844, Time: 00:02:29

Health: 0/16       AC:  3    Str:  8    XL:     2   Next: 20%
Magic:  4/4        EV: 18    Int: 13    God:    Lugonu [*.....]
Gold:   27         SH:  0    Dex: 15    Spells: 0 memorised, 1 level left

rFire  + . .     SeeInvis +     a - +1 short sword
rCold  x . .     Gourm    .     b - +1 robe
rNeg   . . .     Faith    .     (shield restricted)
rPois  .         Spirit   .     (helmet restricted)
rElec  .         Dismiss  .     (no cloak)
rCorr  .         Reflect  .     (gloves unavailable)
SustAt .         Harm     .     (boots unavailable)
MR     .....                    (no amulet)
Stlth  ++........               (no ring)
                                e - ring of fire (curse)

@: very quick, not resistant to hostile enchantments, unstealthy
A: unfitting armour, see invisible, herbivore 3, speed 3, slow metabolism 2
a: Depart the Abyss, Renounce Religion


You were on level 1 of the Dungeon.
You worshipped Lugonu.
Lugonu was aware of your devotion.
You were not hungry.

You visited 1 branch of the dungeon, and saw 1 of its levels.
You visited the Abyss 1 time.

You collected 27 gold pieces.

Inventory:

Hand Weapons
 a - a +1 short sword (weapon)
Armour
 b - a +1 robe (worn)
Jewellery
 e - a cursed ring of fire (left hand)
Scrolls
 g - a scroll of identify {unknown}
Potions
 f - a potion of degeneration {unknown}
Comestibles
 c - a bread ration
 d - 3 fruits


   Skills:
 - Level 2.4 Fighting
 + Level 2.6 Short Blades
 - Level 3.5 Dodging
 + Level 1.9 Stealth
 - Level 1.8 Invocations


You had one spell level left.
You didn't know any spells.

Dungeon Overview and Level Annotations

Branches:
Dungeon (1/15)

Altars:
Nemelex Xobeh


Innate Abilities, Weirdness & Mutations

You are tiny and cannot use many weapons and most armour.
You have supernaturally acute eyesight.
You are an herbivore.
You cover ground extremely quickly.
You need consume almost no food.


Message History

Found a murky yellow potion.
You hit the worm.
The worm is lightly wounded.
The worm barely misses you.
You hit the worm.
The worm is moderately wounded.
The worm completely misses you.
You barely miss the worm.
The worm is lightly wounded.
You hit the worm.
The worm is heavily wounded.
The worm completely misses you.
The ooze quivers.
You hit the worm.
The worm is heavily wounded.
You hit the worm.
The worm is severely wounded.
The worm bites you!
Ouch! That really hurt!
You die...

...#########.#..#######
..............#....)....
....######.%..#.........
..!.#######..###########
....(._.....###....#
..............†..#
..........#####..#
..........# ##...#
.......@..###...##
.#....w........##
#.........###.#
#.......#.....#
...####.....#>.. ..
#.###...## . #.J ...#
#.. .... ....


You could see a worm and an ooze.

Vanquished Creatures
  A giant gecko (D:1)
  A giant cockroach (D:1)
  A hobgoblin (D:1)
  4 jackals (D:1)
  2 giant newts (D:1)
  A goblin (D:1)
10 creatures vanquished.

Notes
Turn   | Place    | Note
--------------------------------------------------------------
     0 | Abyss:1  | Reinor the Spriggan Abyssal Knight began the quest for the Orb.
     0 | Abyss:1  | Reached XP level 1. HP: 11/11 MP: 3/3
   116 | Abyss:1  | Found a corrupted altar of Lugonu.
   121 | Abyss:1  | Noticed a sixfirhy
   233 | Abyss:1  | Found a corrupted altar of Lugonu.
   336 | Abyss:1  | Noticed a demonic crawler
   363 | Abyss:1  | Noticed a thrashing horror
   365 | D:1      | Escaped the Abyss
   367 | D:1      | Noticed an electric eel
   698 | D:1      | Found a sparkling altar of Nemelex Xobeh.
   729 | D:1      | Reached skill level 1 in Stealth
   739 | D:1      | Reached XP level 2. HP: 8/16 MP: 4/4
   746 | D:1      | Reached * piety under Lugonu
   844 | D:1      | Slain by a worm

Vault maps used:
D:1:      arrival_aquarium_a, nemelex_deck

Skill      XL: |  1 |
---------------+----+-----
Stealth        | 1 |  1.9
Fighting       | |  2.4
Short Blades   | |  2.6
Dodging        | |  3.5
Invocations    | |  1.8

Action                   || total
-------------------------++-------
Melee: Short sword       ||    65
Invok: Depart the Abyss  ||     1
  Use: Scroll            ||     1
